 Dungeon Crawl Stone Soup version 0.27-a0-1532-gca18f49f40 (webtiles) character file.

Game seed: 10283000876883311559

12 garrulousMonolith the Skirmisher (level 2, -3/24 HPs)
             Began as a Demonspawn Fighter on July 12, 2021.
             Slain by an ogre (27 damage)
             ... on level 2 of the Dungeon.
             The game lasted 00:00:35 (882 turns).

garrulousMonolith the Skirmisher (DsFi)              Turns: 882, Time: 00:00:35

Health: -3/24      AC:  6    Str: 16    XL:     2   Next: 20%
Magic:  2/2        EV:  6    Int:  9    God:
Gold:   43         SH:  8    Dex: 12    Spells: 1/1 levels left

rFire    . . .     SeeInvis .   a - +0 trident
rCold    . . .     Faith    .   c - +0 kite shield
rNeg     . . .     Spirit   .   b - +0 scale mail
rPois    .         Reflect  .   (no helmet)
rElec    .         Harm     .   (no cloak)
rCorr    .         Rampage  .   (no gloves)
Will     .....                  (no boots)
Stlth    ..........             (no amulet)
HPRegen  0.08/turn              (no ring)
MPRegen  0.08/turn              (no ring)

@: no status effects
A: claws 1
a: no special abilities


You were on level 2 of the Dungeon.
You visited 1 branch of the dungeon, and saw 2 of its levels.

You collected 43 gold pieces.

Inventory:

Hand Weapons
 a - a +0 trident (weapon)
Armour
 b - a +0 scale mail (worn)
 c - a +0 kite shield (worn)
Scrolls
 e - 2 scrolls of immolation {unknown}
 f - a scroll of identify {unknown}
 g - a scroll of enchant armour {unknown}
 h - a scroll of teleportation {unknown}
Potions
 d - 2 potions of might


   Skills:
 + Level 3.1 Fighting
 * Level 2.1 Polearms
 + Level 2.8 Armour
 + Level 2.8 Shields


You had one spell level left.
You didn't know any spells.
Your spell library was empty.

Dungeon Overview and Level Annotations

Branches:
Dungeon (2/15)

Altars:


Innate Abilities, Weirdness & Mutations

You have sharp fingernails.


Message History

No target in view!
No target in view!
No target in view!
No target in view!
No target in view!
No target in view!
Things that are here:
a +0 short sword; 5 stones; a kobold corpse
e - 2 scrolls labelled URUECUDIOG (gained 1)
You now have 43 gold pieces (gained 10).
g - a scroll labelled PELAFUX LAXTA You open the door.
There is an open door here.
You open the door.
There is an escape hatch in the floor here.
You see here a +0 leather armour.
h - a scroll labelled QIYKINOERO Done exploring.
Done exploring.
(D) Dungeon
Where to? (? - help)
There is a stone staircase leading down here.
You climb downwards.
There is a stone staircase leading up here.
There is a stone staircase leading up here.
A rat comes into view.
A rat is nearby!
You barely miss the rat. You block the rat's attack.
An ogre comes into view. It is wielding a +0 giant spiked club.
You completely miss the rat. The rat closely misses you. x2
You hit the rat.
You kill the rat!
You puncture the ogre!
The ogre is moderately wounded.
The ogre completely misses you.
You barely miss the ogre.
The ogre is moderately wounded.
The ogre hits you with a +0 giant spiked club!!
Ouch! That really hurt!
You die...

#.#.....#.
#.##.#...
#.##.#..#
#.##.#..#
#.##.#..#
#####.##.#..####.
#.....<..........
#.###..#O####..##
#......@.#
#..##....#
#........#
#.####...# .....
##..... #.....
#......


You could see an ogre.

Vanquished Creatures
  A dart slug (D:1)
  2 ball pythons (D:1)
  An endoplasm (D:1)
  2 giant cockroaches (D:1)
  A goblin (D:1)
  A kobold (D:1)
  A rat (D:2)
9 creatures vanquished.

Notes
Turn   | Place    | Note
-------+----------+-------------------------------------------
     0 | D:1      | garrulousMonolith the Demonspawn Fighter began the quest
                  | for the Orb.
     0 | D:1      | Reached XP level 1. HP: 18/18 MP: 1/1
   534 | D:1      | Gained mutation: You have sharp fingernails. [demonic
                  | ancestry]
   534 | D:1      | Reached XP level 2. HP: 24/24 MP: 2/2
   878 | D:2      | Noticed an ogre
   882 | D:2      | Slain by an ogre

Illustrated notes

Levels and vault maps discovered:
D:1:      psy_arrival_radial01, layout_basic
D:2:      layout_basic, basic_altar

Skill      XL: |  1 |
---------------+----+-----
Polearms       | 2 |  2.1
Fighting       | |  3.1
Armour         | |  2.8
Shields        | |  2.8

Action                   || total
-------------------------++-------
Melee: Trident           ||    34
Armor: Scale mail        ||    12
Dodge: Dodged            ||     6
Block: Kite shield       ||    13

Table legend: (Time is in decaauts)
 A = Elapsed time spent in this place.
 B = Non-inter-level travel time spent in this place.
 C = Inter-level travel time spent in this place.
 D = Time resting spent in this place.
 E = Time spent auto-exploring this place.
 F = Levels seen in this place.
 G = Mean time per level.
                   A        B        C        D        E       F      G
               +--------+--------+--------+--------+--------+-----+--------+
         Total |    896 |    880 |     16 |      0 |    799 |   2 |  448.0 |
       Dungeon |    896 |    880 |     16 |      0 |    799 |   2 |  448.0 |
               +--------+--------+--------+--------+--------+-----+--------+

Top non-repeatable levels by time:
     D:1: 880 daAuts
     D:2: 15 daAuts
